AoeStats
← tavoo

Four Lakes

509844986Analyzed
1v1 RM · 5d ago on Sep 28, 2026· 38m 2s· 2 players
Game mode
Random Map
Map size
Tiny (2 player)
Population
200
Speed
Normal
Resources
Standard
Victory
Conquest
Starting age
Dark Age
Ending age
Imperial Age
RankedLock teamsTeams togetherTeam positionsShared explorationLock speedFull tech treeHidden civsTurbo modeCheats
Victory
Defeat
🇧🇪 Burgundians · Belgium
1348
+18
🇲🇽 Persians · Mexico
1388
-18
Steal4Meal
2:41 Double-Bit Axe
5:38 Loom
8:00 Fishing Lines
12:01 Feudal Age
19:16 Castle Age
19:51 Scale Barding Armor
19:57 Forging
20:56 Gillnets
21:55 Gold Mining
22:23 Husbandry
21:44 Cavalier
27:31 Wheelbarrow
26:47 Town Watch
28:26 Iron Casting
28:27 Chain Barding Armor
31:36 Hand Cart
31:10 Horse Collar
31:43 Bow Saw
32:11 Gold Shaft Mining
32:01 Heavy Plow
38:03 Imperial Age
37:09 Fletching
37:20 Padded Archer Armor
tavoo
7:14 Loom
9:30 Feudal Age
10:17 Double-Bit Axe
11:49 Town Watch
14:58 Fletching
18:10 Castle Age
18:06 Scale Barding Armor
17:54 Gold Mining
21:06 Bodkin Arrow
21:22 Forging
25:25 Horse Collar
28:20 Bloodlines
28:12 Husbandry
29:12 Wheelbarrow
30:24 Iron Casting
34:29 Imperial Age
34:06 Gold Shaft Mining
34:35 Heavy Camel Rider
36:08 Chain Barding Armor
37:06 Hand Cart
37:48 Conscription
38:38 Blast Furnace
Connection lost

Rejoining the realm…

Still unreachable

The connection could not be restored.

Session expired

The server has moved on; the page needs a fresh start.